Map: [ESL] Data-C

Players

PeakLeadMale (MeomaikA)

  • Race: Zerg Zerg
  • League: Master
  • Spawn Location: 9:00

TIME (Oliveira) - Winner!

  • Race: Terran Terran
  • League: Master
  • Spawn Location: 3:00

Event: TSL 9

VOD

Have the link to the VOD?

Description

Time

  • Played on: July 30, 2022, 6:56 a.m.
  • Length: 11:04

All games in this series

Show
View Real Time Build Order
Export as new Build Order

PeakLeadMale Zerg 

Build Orders: Pool First 

Get SALT Encoding   

  12  0:00  Drone  
  13  0:08  Drone  
  14  0:16  Overlord  
  14  0:24  Extractor  
  14  0:25  Drone  
  15  0:34  Drone  
  15  0:35  Drone  
  17  0:44  Spawning Pool  
  17  0:48  Drone  
  17  1:08  Hatchery  
  17  1:11  Drone  
  17  1:12  Extractor  
  17  1:15  Drone  
  17  1:19  Drone  
  18  1:31  Zergling x2  
  18  1:32  Queen  
  21  1:37  Drone  
  22  1:47  Overlord  
  22  2:06  Drone  
  22  2:07  Queen  
  25  2:10  Drone  
  25  2:12  Metabolic Boost  
  26  2:20  Drone x2  
  26  2:21  Queen  
  30  2:31  Drone x2  
  32  2:39  Drone x3  
  32  2:41  Drone  
  36  2:45  Overlord  
  36  3:02  Hatchery  
  36  3:03  Drone  
  36  3:04  Drone  
  37  3:10  Drone x2  
  39  3:13  Drone  
  39  3:15  Drone x2  
  42  3:20  Overlord  
  42  3:22  Drone  
  43  3:28  Baneling Nest, Evolution Chamber  
  43  3:30  Drone  
  43  3:31  Drone  
  43  3:37  Overlord  
  43  3:48  Drone x5  
  47  3:49  Drone x2  
  47  3:50  Drone x2  
  52  3:56  Zerg Ground Armor Level 1  
  52  4:01  Zergling x2  
  52  4:02  Zergling x6  
  56  4:06  Zergling x2  
  57  4:11  Overlord  
  57  4:14  Overlord  
  57  4:15  Zergling x2  
  58  4:21  Lair  
  58  4:23  Extractor, Overlord  
  57  4:29  Overlord  
  57  4:30  Zergling x2  
  57  4:31  Overlord  
  58  4:32  Spore Crawler  
  58  4:33  Drone x3  
  58  4:34  Drone  
  58  4:37  Spore Crawler  
  58  4:38  Drone  
  61  4:42  Zergling x4  
  63  4:49  Baneling x5  
  63  4:50  Zergling x4  
  63  4:51  Zergling x2, Drone x2  
  68  4:53  Zergling x2  
  68  4:56  Drone  
  70  5:00  Zergling x4, Drone  
  70  5:04  Zergling x2  
  70  5:05  Zergling x4  
  74  5:08  Drone x2  
  74  5:09  Zergling x2  
  74  5:14  Drone  
  76  5:15  Drone  
  76  5:20  Drone  
  76  5:25  Drone x4  
  76  5:27  Hydralisk Den  
  79  5:29  Extractor x2  
  79  5:30  Drone x2  
  79  5:31  Zergling x6  
  82  5:37  Overlord x3  
  82  5:40  Overlord  
  82  5:43  Overlord  
  82  5:56  Drone x3  
  82  5:57  Hydralisk x2  
  85  5:58  Zergling x4, Hatchery  
  85  5:59  Zergling x2  
  85  6:01  Zergling x2  
  85  6:02  Zergling x2  
  85  6:03  Zergling x2  
  94  6:05  Hydralisk  
  94  6:07  Zergling x2  
  94  6:09  Muscular Augments  
  94  6:10  Zergling x2  
  98  6:19  Zerg Ground Armor Level 2  
  98  6:20  Zergling x8  
  98  6:22  Zergling x2  
  98  6:23  Zergling x2  
  98  6:24  Zergling x2  
  105  6:26  Zergling x2  
  105  6:28  Zergling x2  
  105  6:30  Zergling x6  
  105  6:31  Zergling x2  
  105  6:32  Zergling x2  
  90  6:35  Zergling x2  
  90  6:36  Zergling x4  
  90  6:38  Zergling x4  
  89  6:44  Zergling x2  
  89  6:45  Zergling x2  
  89  6:47  Zergling x2  
  84  6:53  Zergling x4  
  77  6:54  Zergling x2  
  77  6:55  Zergling x2  
  77  6:56  Zergling x2  
  77  6:58  Zergling x2  
  75  7:07  Hydralisk x3  
  82  7:08  Zergling x2  
  82  7:09  Queen  
  82  7:10  Hydralisk  
  82  7:11  Queen  
  88  7:17  Hydralisk  
  88  7:18  Hydralisk  
  88  7:20  Hydralisk  
  88  7:21  Grooved Spines  
  94  7:27  Hydralisk  
  94  7:29  Hydralisk  
  97  7:30  Queen  
  97  7:31  Zergling x2  
  97  7:35  Zergling x6  
  103  7:41  Zergling x2  
  103  7:43  Zergling x2  
  101  7:44  Zergling x2  
  101  7:46  Zergling x2, Overlord x2  
  101  8:04  Hydralisk x5  
  111  8:06  Zergling x4, Hatchery  
  111  8:07  Zergling x2  
  111  8:08  Zergling x2  
  111  8:10  Zergling x4  
  111  8:12  Zergling x2  
  113  8:19  Overlord  
  113  8:30  Overlord  
  113  8:34  Overlord  
  113  8:37  Zergling x2  
  113  8:38  Zergling x2  
  113  8:39  Zergling x4  
  109  8:41  Zergling x4  
  109  8:43  Zergling x4  
  109  8:44  Zergling x4  
  109  8:45  Zergling x2  
  109  8:48  Zergling x4, Hydralisk  
  101  8:52  Zergling x4  
  101  8:56  Zergling x4  
  101  8:57  Zergling x2  
  101  8:58  Zergling x2  
  101  8:59  Queen  
  101  9:00  Queen  
  97  9:02  Zergling x2  
  97  9:04  Zergling x2  
  97  9:05  Zergling x2  
  87  9:14  Zergling x2  
  87  9:15  Zergling x2  
  83  9:19  Zergling x4  
  83  9:20  Queen  
  87  9:24  Hydralisk  
  87  9:25  Zergling x2  
  87  9:26  Hydralisk  
  87  9:28  Queen, Hydralisk  
  87  9:29  Hydralisk  
  87  9:30  Hydralisk x2  
  101  9:33  Hydralisk x2  
  101  9:34  Zergling x2  
  101  9:36  Zergling x2  
  101  9:37  Zergling x2  
  108  9:42  Zergling x6  
  108  9:43  Zergling x2  
  112  9:47  Zergling x2  
  112  9:49  Zergling x2, Hydralisk  
  112  9:50  Zergling x2  
  117  9:55  Zergling x6  
  117  9:58  Zergling x2  
  121  10:01  Zergling x6  
  121  10:02  Zergling x6  
  127  10:08  Zergling x2  
  127  10:10  Zergling x2  
  127  10:11  Zergling x4  
  132  10:14  Zergling x6  
  132  10:20  Overlord  
  132  10:21  Hydralisk  
  134  10:22  Hydralisk  
  134  10:24  Zergling x2  
  134  10:27  Zergling x2  
  134  10:28  Zergling x4  
  142  10:32  Zergling x2  
  142  10:33  Zergling x2  
  137  10:35  Zergling x2  
  137  10:38  Zergling x2  
  137  10:40  Zergling x2  
  137  10:41  Zergling x2  
  137  10:42  Zergling x4  
  103  10:43  Zergling x2  
Show
View Real Time Build Order
Export as new Build Order

TIME Terran - Winner!

Build Orders: Reaper Expand 

Get SALT Encoding   

  12  0:00  SCV  
  13  0:12  SCV  
  14  0:17  Supply Depot  
  14  0:24  SCV  
  15  0:38  SCV  
  15  0:40  Barracks  
  16  0:44  Refinery  
  16  0:50  SCV  
  17  1:03  SCV  
  18  1:15  SCV  
  19  1:27  Reaper, Orbital Command  
  20  1:41  Command Center  
  20  1:50  Supply Depot  
  20  1:52  SCV  
  21  1:59  Marine  
  22  2:06  SCV  
  23  2:11  Factory  
  23  2:18  Refinery  
  23  2:19  SCV  
  23  2:21  Barracks Reactor  
  24  2:31  SCV  
  24  2:33  Bunker  
  25  2:43  SCV  
  26  2:53  Orbital Command  
  26  2:55  Starport  
  26  2:57  SCV  
  27  2:59  Marine x2  
  27  3:01  Widow Mine  
  31  3:09  SCV  
  32  3:17  Marine x2  
  32  3:19  SCV  
  35  3:21  SCV  
  35  3:25  Factory Tech Lab  
  36  3:27  Supply Depot  
  36  3:31  SCV, Medivac  
  36  3:33  SCV  
  40  3:36  Marine x2  
  42  3:43  SCV  
  42  3:45  SCV  
  44  3:49  Factory Tech Lab  
  44  3:51  Supply Depot  
  44  3:57  Barracks, SCV  
  45  4:05  Stimpack, Marine, Starport Reactor  
  45  4:06  SCV  
  47  4:10  Barracks  
  47  4:14  Supply Depot  
  47  4:18  SCV  
  47  4:19  SCV  
  47  4:20  Siege Tank  
  52  4:28  Engineering Bay  
  52  4:30  SCV  
  53  4:31  Refinery  
  53  4:32  Marine  
  53  4:33  SCV  
  53  4:37  Supply Depot  
  55  4:42  SCV  
  55  4:44  Marine x2  
  58  4:46  SCV  
  58  4:49  Starport Reactor  
  58  4:52  Marine  
  59  4:54  SCV  
  59  4:58  SCV, Terran Infantry Weapons Level 1  
  59  4:59  Supply Depot  
  61  5:06  SCV  
  61  5:07  Marine x2  
  62  5:10  SCV  
  62  5:12  Marine  
  62  5:13  Marine  
  67  5:16  Marine  
  67  5:18  Siege Tank  
  67  5:20  Supply Depot, SCV, Refinery  
  70  5:24  SCV, Marine  
  70  5:25  Supply Depot  
  72  5:29  Medivac, Marine  
  72  5:30  Medivac  
  72  5:32  SCV  
  72  5:33  Marine  
  79  5:36  SCV  
  79  5:37  Marine x2  
  79  5:42  Marine  
  82  5:43  Supply Depot  
  82  5:45  Combat Shield  
  82  5:47  SCV, Marine  
  85  5:51  Marine  
  85  5:55  Siege Tank, Marine x2  
  91  6:00  Marine  
  92  6:04  Marine  
  92  6:09  Command Center, Marine  
  94  6:13  Supply Depot, Marine  
  95  6:18  Marine  
  96  6:31  Marine x4  
  95  6:32  Siege Tank  
  95  6:33  Medivac x2  
  95  6:36  Marine  
  93  6:49  Marine x2  
  93  6:50  Marine  
  93  6:51  Marine  
  93  6:52  Terran Infantry Armor Level 1  
  91  6:54  Marine  
  88  7:05  Medivac  
  88  7:06  Medivac, Marine x2  
  88  7:07  Siege Tank  
  88  7:08  Marine  
  97  7:09  SCV x2  
  97  7:12  Barracks, Marine  
  97  7:14  Barracks  
  99  7:15  Marine  
  99  7:20  Engineering Bay, Armory  
  100  7:23  Orbital Command  
  100  7:32  Marine  
  100  7:33  Marine x2  
  100  7:34  Marine  
  100  7:35  Marine  
  105  7:38  Orbital Command  
  105  7:40  Medivac x2  
  109  7:50  SCV, Marine x3  
  113  7:52  Marine  
  113  7:53  Marine  
  113  7:55  Siege Tank  
  118  8:02  SCV  
  118  8:03  Barracks Reactor x2  
  119  8:05  SCV  
  119  8:06  SCV  
  119  8:08  Marine x2  
  119  8:12  Marine  
  124  8:13  Terran Infantry Weapons Level 2  
  124  8:15  SCV  
  124  8:19  Supply Depot x2  
  125  8:24  Marine  
  125  8:25  Marine  
  125  8:26  Marine x2  
  129  8:28  SCV  
  129  8:32  Marine  
  131  8:35  SCV  
  131  8:37  Siege Tank  
  129  8:43  Marine  
  129  8:45  Marine  
  129  8:48  Marine x2  
  110  8:50  Marine x3  
  110  8:54  SCV x2  
  115  8:56  SCV  
  115  8:57  Terran Vehicle Weapons Level 1, Refinery, Marine x2, Command Center  
  109  9:03  Factory  
  109  9:05  Marine  
  109  9:07  Marine x3  
  104  9:10  SCV  
  104  9:11  SCV  
  104  9:12  Marine  
  103  9:17  Marine x2  
  103  9:18  Marine  
  103  9:20  Siege Tank  
  103  9:22  Marine  
  107  9:24  Marine  
  107  9:25  Marine  
  107  9:26  SCV x2  
  107  9:27  SCV  
  107  9:28  Marine x2  
  114  9:33  Refinery  
  114  9:36  Marine x3  
  117  9:40  SCV x2, Marine  
  117  9:42  Supply Depot  
  117  9:43  Medivac  
  122  9:47  SCV  
  122  9:48  Factory Tech Lab, Sensor Tower  
  122  9:51  Marine x2  
  122  9:52  SCV, Marine  
  127  9:53  Marine  
  127  9:54  Marine  
  127  9:55  Marine  
  127  9:59  Siege Tank  
  132  10:01  SCV x2  
  132  10:02  Marine  
  132  10:04  Marine x2  
  137  10:11  Marine  
  137  10:14  Siege Tank, Marine x5  
  142  10:18  SCV x2  
  142  10:20  Marine  
  149  10:22  Marine x2  
  151  10:29  Marine  
  151  10:31  Marine  
  151  10:32  Marine x2  
  152  10:40  Marine x2  
  152  10:41  Marine x2  
  139  10:43  Marine  
Tags
 
Add a new tag
Caveats
  • Supply blocks, unpowered buildings, or Contaminate may cause inaccurate times.
  • Supply counts are checked every 10 seconds.